 Dungeon Crawl Stone Soup version 0.26.1-11-gd32895ea62 (webtiles) character file.

Game seed: 7395315355505969308

2454 nightchill the Slicer (level 9, 0/54 HPs)
             Began as a Kobold Enchanter on July 16, 2021.
             Was a Follower of Wu Jian.
             Slain by a killer bee (10 damage)
             ... on level 8 of the Dungeon.
             The game lasted 00:29:16 (10596 turns).

nightchill the Slicer (Kobold Enchanter)           Turns: 10596, Time: 00:29:17

Health: 0/54       AC:  3    Str:  9    XL:     9   Next: 79%
Magic:  18/21      EV: 16    Int: 16    God:    Wu Jian [*.....]
Gold:   516        SH:  0    Dex: 15    Spells: 6/12 levels left

rFire    + . .     SeeInvis .   a - +2 dagger (elec)
rCold    . . .     Faith    .   (shield restricted)
rNeg     . . .     Spirit   .   v - +0 robe
rPois    .         Reflect  .   (no helmet)
rElec    .         Harm     .   (no cloak)
rCorr    .         Rampage  .   A - +0 pair of gloves
Will     .....                  (no boots)
Stlth    +++++.....             (no amulet)
HPRegen  0.18/turn              f - ring of magical power
MPRegen  0.17/turn              u - ring of protection from fire

@: lethally poisoned (0 -> -13)
A: small, nightstalker 3
a: Renounce Religion


You were on level 8 of the Dungeon.
You worshipped Wu Jian.
Wu Jian was aware of your devotion.
You visited 2 branches of the dungeon, and saw 9 of its levels.

You collected 516 gold pieces.

Inventory:

Hand Weapons
 a - a +2 dagger of electrocution (weapon)
 b - a +2 dagger of venom
Missiles
 d - 265 stones
 g - 17 poisoned darts
 o - 16 boomerangs
Armour
 v - a +0 robe (worn)
 A - a +0 pair of gloves (worn)
Jewellery
 f - a ring of magical power (left hand)
 u - a ring of protection from fire (right hand)
 G - an uncursed ring of ice
Wands
 C - a wand of disintegration (13)
 E - a wand of acid (4)
 F - a wand of digging (4)
Scrolls
 c - 4 scrolls of fear {unknown}
 e - a scroll of immolation {unknown}
 h - 5 scrolls of teleportation
 j - a scroll of magic mapping {unknown}
 k - 2 scrolls of blinking
 l - 2 scrolls of amnesia {unknown}
 q - 6 scrolls of remove curse {unknown}
 r - a scroll of fog {unknown}
 t - 3 scrolls of identify
 y - 5 scrolls of enchant armour {unknown}
 B - a scroll of random uselessness {unknown}
Potions
 i - 6 potions of curing
 m - 2 potions of haste
 n - 3 potions of flight
 p - a potion of invisibility {unknown}
 s - 4 potions of berserk rage
 w - 2 potions of heal wounds
 x - 2 potions of cancellation
 z - 2 potions of ambrosia {unknown}
 D - a potion of resistance {unknown}


   Skills:
 + Level 5.2 Fighting
 * Level 9.2 Short Blades
 + Level 3.9 Dodging
 + Level 8.3 Stealth
 - Level 2.1 Spellcasting
 * Level 7.7 Hexes


You had 6 spell levels left.
You knew the following spells:

 Your Spells              Type           Power        Failure   Level
a - Corona                Hex            28%          1%          1
b - Ensorcelled Hibernat  Hex/Ice        28%          6%          2
c - Confusing Touch       Hex            26%          2%          3

Your spell library contained the following spells:

 Spells                   Type           Power        Failure   Level
 Tukima's Dance           Hex            26%          2%          3
 Dazzling Flash           Conj/Hex       28%          13%         3


Dungeon Overview and Level Annotations

Branches:
Dungeon (8/15)             Temple (1/1) D:6
   Lair: D:8-11

Altars:
Ashenzari
Cheibriados
Dithmenos
Fedhas
Gozag
Hepliaklqana
Kikubaaqudgha
Nemelex Xobeh
Okawaru
Ru
Sif Muna
Vehumet
Wu Jian
Xom
Zin

Shops:
D:5 :

Annotations:
D:2 1 exclusion
D:4 exclusion: phantom
D:5 exclusions: downstairs and phantom


Innate Abilities, Weirdness & Mutations

You are small and have problems with some larger weapons.
You are completely attuned to the shadows.


Message History

The killer bee stings you.
* * * LOW HITPOINT WARNING * * *
You are more poisoned.
The killer bee poisons you!
You closely miss the killer bee.
The killer bee is heavily wounded.
You feel sick. The killer bee stings you.
* * * LOW HITPOINT WARNING * * *
The killer bee stings you.
* * * LOW HITPOINT WARNING * * *
You miss the killer bee.
The killer bee is heavily wounded.
* * * LOW HITPOINT WARNING * * *
You feel sick. The killer bee barely misses you.
Unknown command.
You miss the killer bee.
The killer bee is heavily wounded.
* * * LOW HITPOINT WARNING * * *
You feel sick. The killer bee stings you!
You die...

#.# ## ......# #.##..
......####....#
^.....#........
........#)...# .........y@###
. ..##...###)###.( ###
##.#..### #.).... . ##..
.<...## #).######.# ##...
#..# ##).##...#.# #....
#.######...#......####....
#......).)#.........##....
.###.#######.#.......#.##....
.....##### #.#..(....#.##....


You could see a killer bee.

Vanquished Creatures
  2 black bears
  An ice beast (D:6)
  A phantom (D:8)
  4 centaurs
  An ogre (D:6)
  2 big kobolds
  4 bullfrogs
  A scorpion (D:6)
  A water moccasin skeleton (D:8)
  3 killer bees (D:8)
  5 wights (D:6)
  2 hounds
  5 orc priests
  5 orc wizards
  2 iguanas
  5 worker ants (D:4)
  A killer bee zombie (D:8)
  2 hound zombies
  7 adders
  4 gnolls (D:6)
  A river rat (D:6)
  2 white imps
  An ooze (D:1)
  An adder zombie (D:4)
  4 adder skeletons
  3 worms
  2 dart slugs (D:1)
  3 leopard geckos
  13 orcs
  3 ball pythons
  5 giant cockroaches
  10 goblins
  8 hobgoblins
  8 jackals
  12 bats
  5 frilled lizards
  A giant cockroach zombie (D:5)
  14 kobolds
  2 quokka skeletons
  9 rats
165 creatures vanquished.

Vanquished Creatures (others)
  A goblin (D:3)
1 creature vanquished.

Grand Total: 166 creatures vanquished

Notes
Turn   | Place    | Note
-------+----------+-------------------------------------------
     0 | D:1      | nightchill the Kobold Enchanter began the quest for the
                  | Orb.
     0 | D:1      | Reached XP level 1. HP: 10/10 MP: 3/3
   334 | D:1      | Reached XP level 2. HP: 4/16 MP: 5/5
   601 | D:1      | Reached skill level 2 in Short Blades
   965 | D:1      | Learned a level 2 spell: Ensorcelled Hibernation
  1207 | D:1      | Reached XP level 3. HP: 20/20 MP: 6/6
  1394 | D:1      | Reached skill level 1 in Fighting
  1813 | D:2      | Learned a level 3 spell: Confusing Touch
  2073 | D:2      | Reached XP level 4. HP: 20/25 MP: 7/7
  2295 | D:2      | Reached skill level 3 in Short Blades
  2680 | D:2      | Noticed a moth of wrath
  2741 | D:2      | Found a snail-covered altar of Cheibriados.
  3006 | D:2      | Found a shimmering blue altar of Sif Muna.
  3070 | D:3      | Reached XP level 5. HP: 29/29 MP: 5/8
  3744 | D:3      | Found a radiant altar of Vehumet.
  4107 | D:4      | Noticed a phantom
  4138 | D:4      | Reached skill level 4 in Short Blades
  4138 | D:4      | Reached skill level 5 in Stealth
  4143 | D:4      | Reached XP level 6. HP: 31/35 MP: 4/9
  5161 | D:5      | Entered Level 5 of the Dungeon
  5168 | D:5      | Found a glowing silver altar of Zin.
  5168 | D:5      | Noticed an angel
  5168 | D:5      | Noticed a phantom
  5483 | D:5      | Found Jaupn's Book Boutique.
  5496 | D:5      | Found a shimmering altar of Xom.
  5585 | D:5      | Reached skill level 5 in Short Blades
  5585 | D:5      | Reached XP level 7. HP: 25/40 MP: 1/10
  5597 | D:5      | Reached skill level 5 in Hexes
  6254 | D:6      | Found a staircase to the Ecumenical Temple.
  6267 | Temple   | Entered the Ecumenical Temple
  6347 | Temple   | Became a worshipper of the Wu Jian Council
  6643 | D:6      | Reached skill level 6 in Short Blades
  6741 | D:6      | Reached XP level 8. HP: 46/46 MP: 11/11
  6811 | D:6      | Found a shadowy altar of Dithmenos.
  7282 | D:6      | Reached skill level 7 in Short Blades
  8234 | D:7      | Reached XP level 9. HP: 47/52 MP: 12/12
  8332 | D:7      | Reached skill level 8 in Short Blades
  8940 | D:8      | Reached * piety under Wu Jian
  9879 | D:7      | Reached skill level 5 in Fighting
 10362 | D:8      | Reached skill level 9 in Short Blades
 10596 | D:8      | Slain by a killer bee

Illustrated notes

Levels and vault maps discovered:
D:1:      nzn_arrival_settlement, layout_rooms, amcnicky_mini_pool_small,
          minmay_tiny_reverse_x
D:2:      layout_basic, lemuel_blue_sif_altar, marbit_many_paths, tgw_trog,
          minivault_14
D:3:      layout_loops_ring, fiery_altar_vehumet
D:4:      layout_gridville, minmay_between
D:5:      layout_rooms, grunt_temple_overflow_order_and_chaos_1, serial_shops,
          shop
D:6:      layout_basic, grunt_dithmenos_smoke_and_mirrors,
          minmay_temple_entry_wispy, portal_sewer_entry_b
D:7:      layout_basic
D:8:      layout_rooms, kennysheep_ying_yang, minmay_hedge_maze
Temple:   eino_temple_lava

Skill      XL: |  1  2  3  4  5  6  7  8  9 |
---------------+----------------------------+-----
Short Blades   | 2 3 4 5 6 7 9 |  9.2
Fighting       | 1 2 3 4 5 |  5.2
Hexes          | 4 5 6 7 |  7.7
Stealth        | 5 6 7 8 |  8.3
Dodging        | 3 |  3.9
Spellcasting   | |  2.1

Action                   |  1- 3 |  4- 6 |  7- 9 || total
-------------------------+-------+-------+-------++-------
Melee: Dagger            |   128 |    76 |   272 ||   476
 Cast: Corona            |     6 |       |     1 ||     7
       Ensorcelled Hiber |     6 |    25 |     8 ||    39
       Confusing Touch   |       |     3 |    27 ||    30
Invok: Lunge             |       |       |    37 ||    37
       Whirlwind         |       |       |    13 ||    13
  Use: Scroll            |       |     7 |     2 ||     9
 Stab: Sleeping          |    15 |    38 |    23 ||    76
       Confused          |       |     3 |    15 ||    18
       Distracted        |       |       |     1 ||     1
Armor: Robe              |    12 |     6 |     7 ||    25
Dodge: Dodged            |    82 |    24 |   133 ||   239
